Map: Blueshift LE

Players

SpaceMarine

  • Race: Protoss Protoss
  • League: Grandmaster
  • Spawn Location: 7:00

Lambo - Winner!

  • Race: Zerg Zerg
  • League: Grandmaster
  • Spawn Location: 1:00

VOD

Have the link to the VOD?

Description

Time

  • Played on: Jan. 6, 2019, 9:38 a.m.
  • Length: 8:34
Show
View Real Time Build Order
Export as new Build Order

SpaceMarine Protoss 

Build Orders: 1 Gate Expand 

Get SALT Encoding   

  12  0:09  Probe  
  13  0:17  Probe  
  13  0:25  Probe, Pylon  
  15  0:43  Probe, Gateway  
  16  0:51  Assimilator  
  16  0:53  Probe  
  17  1:01  Probe  
  17  1:09  Probe  
  19  1:21  Probe  
  20  1:26  Nexus  
  20  1:36  Cybernetics Core  
  20  1:38  Probe  
  21  1:48  Assimilator  
  21  1:50  Probe  
  22  1:55  Pylon  
  22  2:02  Probe  
  23  2:10  Probe  
  23  2:13  Adept, Warp Gate  
  26  2:18  Probe  
  27  2:26  Twilight Council  
  27  2:29  Probe  
  27  2:34  Probe  
  28  2:40  Adept  
  28  2:41  Probe  
  28  2:42  Probe  
  33  2:53  Probe x2  
  35  3:02  Resonating Glaives  
  35  3:05  Probe x2  
  37  3:10  Sentry  
  39  3:19  Probe, Gateway  
  39  3:20  Gateway  
  39  3:23  Probe  
  41  3:27  Probe  
  42  3:35  Probe, Pylon  
  42  3:37  Probe, Assimilator  
  44  3:47  Probe  
  45  3:50  Probe  
  45  3:51  Assimilator  
  45  3:54  Stargate  
  46  3:59  Probe  
  46  4:02  Probe, Pylon  
  48  4:09  Pylon  
  48  4:11  Probe  
  48  4:14  Stargate  
  48  4:16  Adept x2  
  53  4:19  Probe  
  53  4:22  Pylon  
  54  4:27  Adept  
  54  4:30  Oracle  
  56  4:34  Probe  
  56  4:38  Adept  
  59  4:39  Adept  
  59  4:45  Probe  
  64  4:46  Probe  
  65  4:58  Nexus, Phoenix x2  
  65  5:00  Probe  
  67  5:12  Adept x2  
  67  5:13  Adept  
  69  5:31  Oracle x2  
  68  5:43  Adept x3  
  68  5:49  Probe x2  
  76  5:55  Gateway  
  76  5:56  Gateway, Pylon  
  76  5:58  Gateway  
  76  6:00  Pylon  
  76  6:01  Probe x2  
  78  6:09  Phoenix  
  80  6:11  Phoenix  
  80  6:13  Probe  
  80  6:14  Probe x2  
  85  6:27  Probe x2  
  85  6:28  Adept x3  
  85  6:30  Probe  
  94  6:38  Phoenix x2  
  98  6:50  Probe x3  
  101  6:56  Pylon  
  101  6:59  Phoenix x2  
  97  7:15  Adept x4  
  89  7:16  Adept x2  
  89  7:17  Probe x3  
  89  7:19  Phoenix x2  
  98  7:29  Probe  
  103  7:37  Phoenix  
  103  7:39  Pylon  
  103  7:42  Pylon  
  103  7:48  Adept x3  
  103  7:49  Adept x3, Phoenix  
  117  7:53  Phoenix  
  121  8:07  Assimilator  
  121  8:09  Assimilator  
  121  8:10  Adept x5  
  121  8:11  Adept  
Show
View Real Time Build Order
Export as new Build Order

Lambo Zerg - Winner!

Build Orders: Hatch First 

Get SALT Encoding   

  12  0:00  Drone  
  13  0:12  Overlord  
  13  0:17  Drone  
  14  0:31  Drone x2  
  16  0:49  Hatchery  
  15  0:52  Drone  
  15  0:55  Drone  
  17  0:59  Drone  
  18  1:09  Extractor  
  17  1:14  Spawning Pool  
  17  1:17  Drone  
  17  1:21  Drone  
  18  1:28  Drone  
  19  1:39  Drone  
  20  1:52  Overlord  
  20  2:00  Queen  
  20  2:01  Queen, Zergling x4  
  26  2:11  Drone x2  
  26  2:13  Metabolic Boost  
  28  2:24  Drone x2  
  30  2:36  Hatchery  
  29  2:39  Drone  
  29  2:43  Drone  
  31  2:44  Drone  
  31  2:48  Overlord  
  32  2:58  Queen  
  32  3:00  Drone  
  35  3:05  Drone  
  35  3:08  Drone  
  35  3:10  Drone x2  
  38  3:13  Drone x2  
  38  3:14  Overlord  
  38  3:17  Drone  
  38  3:19  Drone  
  42  3:25  Evolution Chamber  
  41  3:27  Zergling x4  
  41  3:30  Zergling x2  
  41  3:33  Overlord  
  44  3:37  Queen  
  44  3:39  Drone  
  47  3:45  Drone x2  
  47  3:46  Drone  
  50  3:50  Drone  
  50  3:51  Zerg Melee Weapons Level 1  
  51  3:56  Queen, Drone  
  51  4:01  Drone  
  51  4:02  Overlord  
  55  4:06  Drone x2  
  55  4:09  Drone x2  
  59  4:11  Drone  
  59  4:15  Baneling Nest  
  59  4:17  Overlord  
  59  4:19  Drone  
  59  4:20  Drone  
  61  4:27  Overlord  
  61  4:29  Zergling x8  
  64  4:35  Drone x2  
  64  4:37  Lair, Extractor  
  64  4:38  Extractor  
  64  4:42  Zergling x6  
  67  4:46  Zergling x10  
  71  4:56  Zergling x6  
  74  5:00  Overlord  
  74  5:06  Zergling x6  
  74  5:07  Zergling x4  
  78  5:11  Drone  
  76  5:17  Overlord  
  76  5:19  Drone x3  
  76  5:20  Drone  
  76  5:23  Drone  
  76  5:27  Drone  
  76  5:28  Spore Crawler  
  77  5:32  Spore Crawler  
  77  5:33  Drone x7  
  80  5:36  Drone  
  80  5:41  Drone  
  80  5:42  Spore Crawler  
  79  5:43  Hydralisk Den  
  79  5:46  Zergling x4  
  80  5:50  Drone  
  80  5:53  Drone  
  80  5:54  Drone x3  
  85  5:57  Extractor, Baneling x5  
  85  5:58  Drone  
  85  6:01  Zerg Melee Weapons Level 2  
  85  6:02  Extractor  
  84  6:07  Drone x4  
  84  6:08  Spore Crawler  
  87  6:13  Muscular Augments  
  87  6:15  Drone x3  
  87  6:16  Spore Crawler  
  87  6:17  Spore Crawler  
  88  6:19  Drone  
  88  6:20  Overlord, Drone x2  
  91  6:29  Overlord  
  91  6:30  Overlord x2, Extractor  
  90  6:35  Overlord  
  90  6:36  Zergling x10  
  94  6:41  Baneling x6  
  94  6:45  Drone  
  95  6:48  Zergling x8  
  99  6:57  Zergling x4  
  99  6:58  Centrifical Hooks  
  101  7:08  Zergling x22  
  105  7:13  Drone  
  99  7:25  Overlord  
  99  7:29  Hydralisk x8  
  115  7:34  Overlord  
  115  7:38  Hydralisk x3  
  121  7:46  Hatchery, Hydralisk x3  
  119  7:56  Hydralisk x2  
  119  7:57  Hydralisk x2  
  127  8:01  Baneling x6  
  127  8:06  Hydralisk x3  
  137  8:14  Baneling x2  
  137  8:15  Zergling x2  
Tags
 
Add a new tag
Caveats
  • Supply blocks, unpowered buildings, or Contaminate may cause inaccurate times.
  • Supply counts are checked every 10 seconds.